 Dungeon Crawl Stone Soup version 0.30.1-11-g7821555f0a (webtiles) character file.

Game seed: 9436825321734687823

2629 Dalek the Cudgeller (level 9, 0/84 HPs)
             Began as a Troll Gladiator on Nov 10, 2023.
             Was an Initiate of Gozag.
             Slain by a tengu warrior
             ... wielding a +2 battleaxe of electrocution
              (27 damage)
             ... on level 8 of the Dungeon.
             The game lasted 00:17:15 (4800 turns).

Dalek the Cudgeller (Troll Gladiator)               Turns: 4800, Time: 00:17:24

Health: 0/84       AC:  6    Str: 24    XL:     9   Next: 35%
Magic:  11/11      EV: 11    Int:  8    God:    Gozag
Gold:   79         SH:  5    Dex: 17    Spells: 9/12 levels left

rFire   . . .        I - +0 glaive of Radicalism {freeze, *Slow Fragile rPois SInv}
rCold   . . .        (shield currently unavailable)
rNeg    . . .        a - +1 robe
rPois   +            b - +1 hat
rElec   .            D - scarf {repulsion}
rCorr   .            (gloves unavailable)
SInv    +            (boots unavailable)
Will    .....        y - amulet of reflection
Stlth   ++           n - +6 ring of dexterity
HPRegen 1.14/turn    z - ring of wizardry
MPRegen 0.12/turn

%: slow self (1%), repel missiles, reflection, wizardry (x1)
@: no status effects
A: large, unfitting armour, claws 3, regeneration 1, shaggy fur 1, tough skin 1
a: Renounce Religion, Potion Petition, Call Merchant, Bribe Branch


You were on level 8 of the Dungeon.
You worshipped Gozag.
Gozag was noncommittal.
You visited 1 branch of the dungeon, and saw 8 of its levels.

You collected 1107 gold pieces.
You spent 403 gold pieces at shops.
You paid 625 gold pieces to Gozag.

Inventory:

Hand Weapons
 f - a +2 giant club of freezing
 I - the +0 glaive of Radicalism (weapon) {freeze, *Slow Fragile rPois SInv}
   (You bought it in a shop on level 7 of the Dungeon)

   rPois:     It protects you from poison.
   SInv:      It lets you see invisible.
   *Slow:     It may slow you when you take damage.
   Fragile:   It will be destroyed if unequipped.
Armour
 a - a +1 robe (worn)
 b - a +1 hat (worn)
 D - a scarf of repulsion (worn)
Jewellery
 n - a +6 ring of dexterity (left claw)
 s - an amulet of magic regeneration
 u - an amulet of the acrobat
 v - a +4 ring of protection
 x - a +6 ring of strength
 y - an amulet of reflection (around neck)
 z - a ring of wizardry (right claw)
 B - a ring of fire
 C - a ring of fire
Scrolls
 c - a scroll of enchant weapon
 g - 3 scrolls of teleportation
 l - a scroll of fear
 o - a scroll of noise {unknown}
 p - a scroll of vulnerability {unknown}
 q - a scroll of blinking
 r - a scroll of immolation {unknown}
 t - a scroll of magic mapping
 E - a scroll of poison {unknown}
Potions
 e - 2 potions of flight
 h - 2 potions of mutation {unknown}
 i - 2 potions of heal wounds {unknown}
 j - a potion of invisibility {unknown}
 k - a potion of ambrosia {unknown}
 m - a potion of curing
 w - a potion of resistance {unknown}
 F - a potion of degeneration {unknown}
 G - a potion of might {unknown}


   Skills:
 * Level 3.9 Fighting
 - Level 7.0 Maces & Flails
 * Level 0.1 Polearms
 * Level 3.6 Throwing
 * Level 2.8 Armour
 * Level 4.2 Dodging
 * Level 1.9 Stealth
 + Level 0.6 Shields
 - Level 3.0 Unarmed Combat
 * Level 2.1 Spellcasting
 * Level 0.4 Conjurations
 * Level 0.3 Translocations
 * Level 0.4 Fire Magic
 * Level 1.7 Evocations


You had 9 spell levels left.
You knew the following spells:

 Your Spells              Type           Power      Damage    Failure   Level
a - Foxfire               Conj/Fire      4%         2x1d4     12%         1
b - Blink                 Tloc           2%         N/A       19%         2

Your spell library contained the following spells:

 Spells                   Type           Power      Damage    Failure   Level
 Magic Dart               Conj           4%         1d3       12%         1
 Shock                    Conj/Air       4%         1d3       13%         1
 Momentum Strike          Conj/Tloc      2%         3d8       17%         2
 Searing Ray              Conj           2%         2d4       17%         2
 Lesser Beckoning         Tloc           2%         N/A       19%         2
 Sublimation of Blood     Necr           0%         N/A       21%         2
 Wereblood                Tmut           0%         N/A       21%         2
 Gell's Gravitas          Tloc           1%         N/A       34%         3
 Teleport Other           Tloc           1%         N/A       34%         3
 Swiftness                Air            0%         N/A       38%         3
 Fulminant Prism          Conj/Hex       0%         3d5       75%         4
 Airstrike                Air            0%         2d(0-16)  77%         4
 Fireball                 Conj/Fire      0%         3d3       95%         5
 Plasma Beam              Fire/Air       0%         2x1d11    100%        6
 Starburst                Conj/Fire      0%         6d3       100%        6
 Summon Hydra             Summ           0%         N/A       100%        7


Dungeon Overview and Level Annotations

Branches:
Dungeon (8/15)             Temple (0/1) D:5
   Lair: D:8-11

Altars:
Elyvilon
Gozag
Makhleb
Okawaru
Uskayaw
Zin
The Shining One

Shops:
D:7 *


Innate Abilities, Weirdness & Mutations

You are too large for most types of armour.
You have claws for hands.
Your natural rate of healing is unusually fast.
You are covered in fur. (AC +1)
You have tough skin. (AC +1)


Message History

The tengu warrior pecks you. The tengu warrior closely misses you.
You closely miss the tengu warrior.
The tengu warrior is lightly wounded.
The tengu warrior hits you with a +2 battleaxe of electrocution!!
The tengu warrior closely misses you. The tengu warrior claws you.
The tengu warrior hits you with a +2 battleaxe of electrocution!
You are electrocuted!
The tengu warrior pecks you but does no damage.
The tengu warrior claws you but does no damage.
Blink to where?
Press: ? - help, Dir - move target, p - tengu warrior
As you read the scroll of blinking, it crumbles to dust.
d - a large rock
As you read the scroll of fear, it crumbles to dust.
You assume a fearsome visage.
The tengu warrior looks frightened!
Throw: large rock
Press: ? - help, Q - select action, (/) - cycle Shift-Dir - straight line, f - tengu warrior
Aim: a tengu warrior, wielding a +2 battleaxe of electrocution and wearing a +0 leather armour (lightly wounded, fleeing, 37% to hit)
You throw a large rock. The large rock hits the tengu warrior!!
Your attack snaps the tengu warrior out of its fear.
The tengu warrior is heavily wounded.
Aiming: Mindburst
Press: ? - help, Shift-Dir - straight line, f/p - tengu warrior
Aim: a tengu warrior, wielding a +2 battleaxe of electrocution and wearing a +0 leather armour (heavily wounded, chance to affect: 55%)
The tengu warrior resists with significant effort.
Aiming: Mindburst
Press: ? - help, Shift-Dir - straight line, f/p - tengu warrior
Aim: a tengu warrior, wielding a +2 battleaxe of electrocution and wearing a +0 leather armour (heavily wounded, chance to affect: 55%)
The tengu warrior resists with significant effort.
The now-empty wand crumbles to dust.
You feel better.
The tengu warrior hits you with a +2 battleaxe of electrocution.
The tengu warrior pecks you. The tengu warrior claws you.
You miss the tengu warrior.
The tengu warrior is heavily wounded.
The tengu warrior hits you with a +2 battleaxe of electrocution!
The tengu warrior pecks you. You block the tengu warrior's attack.
The tengu warrior hits you with a +2 battleaxe of electrocution!!
You die...
Your body crumbles into a pile of gold.

.................<##.........
.........####.....#....#.....
.....#.....###..............
............................
.....##...###...............
#.[.## #### #######...###...
#...# #####.... ... #..)# #.#
........≈ ##..# ##### #@#
......... ##.# )$(#
#Q##....#...≈ #.#
?[#.#.##....##..§ #.#
#####.#.##..##. ... #.#
#...#...# #.######.#.###(#
#........#.....#
########.#.#.### ..#.#.#


You could see a tengu warrior.

Vanquished Creatures
  Eustachio (D:4)
  A steam dragon (D:3)
  Edmund (D:6)
  2 water moccasins
  2 ice beasts
  An orc warrior (D:5)
  2 black bears
  An ogre (D:7)
  2 centaurs
  2 bullfrogs (D:6)
  3 scorpions
  7 wights
  5 howler monkeys (D:7)
  A jelly (D:4)
  A hound (D:4)
  A gnoll bouda (D:7)
  2 orc priests
  A sleepcap (D:6)
  An iguana (D:5)
  An orc wizard (D:5)
  11 gnolls
  4 adders
  An ufetubus (D:5)
  2 worms (D:3)
  A dart slug (D:1)
  9 orcs
  6 endoplasms
  2 giant cockroaches
  3 goblins
  6 hobgoblins
  4 quokkas
  7 ball pythons
  3 bats
  2 frilled lizards
  5 kobolds
  4 rats
108 creatures vanquished.

Vanquished Creatures (others)
  2 foxfires (D:7)
2 creatures vanquished.

Grand Total: 110 creatures vanquished

Notes
Turn   | Place    | Note
-------+----------+-------------------------------------------
     0 | D:1      | Dalek the Troll Gladiator began the quest for the Orb.
     0 | D:1      | Reached XP level 1. HP: 19/19 MP: 0/0
   119 | D:1      | Reached XP level 2. HP: 14/27 MP: 1/1
   246 | D:2      | Found a hide-covered altar of Uskayaw.
   266 | D:2      | Found a faded altar of an unknown god.
   292 | D:2      | Prayed at the altar of an unknown god.
   292 | D:2      | Became a worshipper of Gozag Ym Sagoz the Greedy
   482 | D:2      | Reached skill level 1 in Maces & Flails
   482 | D:2      | Reached XP level 3. HP: 26/35 MP: 2/2
  1397 | D:3      | Reached XP level 4. HP: 39/42 MP: 3/3
  1455 | D:3      | Noticed a steam dragon
  1462 | D:3      | Killed a steam dragon
  1463 | D:3      | Reached skill level 2 in Maces & Flails
  1463 | D:3      | Reached skill level 1 in Armour
  1463 | D:3      | Reached XP level 5. HP: 20/49 MP: 4/4
  1629 | D:3      | You fall into a shaft and drop 3 floors!
  1687 | D:6      | Noticed an ice beast
  1693 | D:6      | Killed an ice beast
  1694 | D:6      | Reached skill level 3 in Maces & Flails
  1694 | D:6      | Reached XP level 6. HP: 58/58 MP: 5/5
  1816 | D:5      | Entered Level 5 of the Dungeon
  1911 | D:5      | Found a burning altar of Makhleb.
  2000 | D:5      | Found a staircase to the Ecumenical Temple.
  2128 | D:5      | Noticed a water moccasin
  2136 | D:5      | Killed a water moccasin
  2161 | D:5      | Reached skill level 1 in Stealth
  2178 | D:5      | Reached skill level 4 in Maces & Flails
  2178 | D:5      | Reached XP level 7. HP: 53/66 MP: 7/7
  2338 | D:5      | Reached skill level 1 in Spellcasting
  2409 | D:4      | Found a glowing golden altar of the Shining One.
  2409 | D:4      | Found a glowing silver altar of Zin.
  2409 | D:4      | Found a white marble altar of Elyvilon.
  2602 | D:4      | Noticed Eustachio
  2614 | D:4      | Killed Eustachio
  2615 | D:4      | Reached skill level 5 in Maces & Flails
  2615 | D:4      | Reached skill level 1 in Evocations
  2615 | D:4      | Reached XP level 8. HP: 70/74 MP: 9/9
  2648 | D:4      | Found an iron altar of Okawaru.
  3004 | D:4      | You fall into a shaft and drop 2 floors!
  3224 | D:6      | Noticed Edmund
  3231 | D:6      | Killed Edmund
  3316 | D:6      | Reached skill level 6 in Maces & Flails
  3707 | D:7      | Learned a level 1 spell: Foxfire
  3710 | D:7      | Learned a level 2 spell: Blink
  3943 | D:7      | Reached XP level 9. HP: 72/83 MP: 9/11
  4387 | D:7      | Reached skill level 7 in Maces & Flails
  4635 | D:7      | Bought a crooked glass wand for 104 gold pieces
  4635 | D:7      | Bought an ichor-stained glaive for 299 gold pieces
  4635 | D:7      | Identified the +0 glaive of Radicalism {freeze, *Slow
                  | Fragile rPois SInv} (You bought it in a shop on level 7 of
                  | the Dungeon)
  4782 | D:8      | Noticed a tengu warrior
  4800 | D:8      | Slain by a tengu warrior

Illustrated notes

Levels and vault maps discovered:
D:1:      minmay_arrival_shattered_statue, layout_basic
D:2:      layout_rooms, chequers_ecumenical_altar_simple_redux, basic_altar
D:3:      layout_loops_ring, serial_aquarium, aquarium_bridge_square
          [aquarium_subvault_bridge, aquarium_subvault_wall,
          aquarium_subvault_wall, aquarium_subvault_window],
          aquarium_bridge_square [aquarium_subvault_balcony,
          aquarium_subvault_wall, aquarium_subvault_bridge,
          aquarium_subvault_window], aquarium_window_1, aquarium_window_fake,
          aquarium_view_2f, aquarium_pool_split, kennysheep_generic_room_3
D:4:      layout_cave_pools, dreamdust_divine_triumvirate, kennysheep_mini,
          uniq_eustachio
D:5:      layout_gridville, bloody_makhleb, temple_fountains
D:6:      layout_gridville, uniq_edmund
D:7:      layout_basic, grunt_decor_resistance
D:8:      layout_cave_pools, minmay_lair_entry_lava, wad_mini_maze

Skill      XL: |  1  2  3  4  5  6  7  8  9 |
---------------+----------------------------+-----
Maces & Flails | 1 2 3 4 5 6 7 |  7.0
Throwing       | 2 3 |  3.6
Dodging        | 3 4 |  4.2
Fighting       | 2 3 |  3.9
Armour         | 1 2 |  2.8
Stealth        | 1 |  1.9
Spellcasting   | 1 2 |  2.1
Evocations     | 1 |  1.7
Polearms       | |  0.1
Shields        | |  0.6
Unarmed Combat | |  3.0
Conjurations   | |  0.4
Translocations | |  0.3
Fire Magic     | |  0.4

Action                     |  1- 3 |  4- 6 |  7- 9 || total
---------------------------+-------+-------+-------++-------
  Melee: Giant club        |   176 |    39 |    99 ||   314
         Unarmed           |     1 |       |       ||     1
         Glaive            |       |       |     7 ||     7
  Throw: Throwing net      |       |     4 |     4 ||     8
         Large rock        |       |       |     2 ||     2
   Cast: Foxfire           |       |       |     1 ||     1
 Invoke: Call Merchant     |       |       |     1 ||     1
  Evoke: Wand              |       |     1 |    15 ||    16
    Use: Potion            |     2 |       |     1 ||     3
         Scroll            |     1 |     1 |    10 ||    12
   Stab: Held in net/web   |       |     1 |       ||     1
         Distracted        |       |       |     3 ||     3
 Armour: Robe              |   106 |    18 |    32 ||   156
  Dodge: Dodged            |   130 |    25 |    67 ||   222
  Block: Other             |       |     9 |    29 ||    38
         Reflection        |       |       |     1 ||     1
